[Event "Boardwalk Pearson Invitational 2019"]
[Site "Port Elizabeth"]
[Date "2019.03.29"]
[Round "2.1"]
[White "Khumalo, Keith"]
[Black "Oatlhotse, Providence"]
[Result "1/2-1/2"]
[ECO "E15"]
[WhiteElo "2015"]
[BlackElo "2320"]
[Annotator "NA"]
[PlyCount "27"]
[EventDate "2019.03.29"]
[EventType "swiss"]
[EventCountry "RSA"]
[SourceTitle "playchess.com"]
[Source "ChessBase"]
[SourceQuality "1"]
[TimeControl "40/5400+30:1800+30"]

1. d4 Nf6 2. c4 e6 3. Nf3 b6 4. g3 Ba6 5. Qa4 c6 6. Nc3 d5 7. cxd5 exd5 8. Bg2 Bd6 9. O-O O-O 10. Qc2 Nbd7 11. Re1 Rc8 12. Nh4 g6 13. Bg5 Re8 14. Bh3 1/2-1/2

[Event "Boardwalk Pearson Invitational 2019"]
[Site "Port Elizabeth"]
[Date "2019.03.29"]
[Round "2.2"]
[White "Beukes, Dante M"]
[Black "Bezuidenhout, Roland"]
[Result "0-1"]
[ECO "C02"]
[WhiteElo "2114"]
[BlackElo "2171"]
[Annotator "NA"]
[PlyCount "50"]
[EventDate "2019.03.29"]
[EventType "swiss"]
[EventCountry "RSA"]
[SourceTitle "playchess.com"]
[Source "ChessBase"]
[SourceQuality "1"]
[TimeControl "40/5400+30:1800+30"]

1. e4 e6 2. d4 d5 3. e5 c5 4. c3 Nc6 5. Nf3 Bd7 6. Be2 f6 7. O-O Qc7 8. Re1 O-O-O 9. Bf1 fxe5 10. Nxe5 Nxe5 11. dxe5 Ne7 12. Nd2 Nc6 13. Nf3 Be7 14. a3 h6 15. b4 g5 16. Qe2 g4 17. Nd2 h5 18. c4 Nd4 19. Qd3 Ba4 20. Ra2 dxc4 21. Qxc4 b5 22. Qc3 cxb4 23. Qxc7+ Kxc7 24. axb4 Bxb4 25. Re4 a5 0-1

[Event "Boardwalk Pearson Invitational 2019"]
[Site "Port Elizabeth"]
[Date "2019.03.29"]
[Round "2.3"]
[White "Kromhout, Ewan"]
[Black "Odendaal, Frederick"]
[Result "1/2-1/2"]
[ECO "D05"]
[WhiteElo "2007"]
[BlackElo "1992"]
[Annotator "NA"]
[PlyCount "150"]
[EventDate "2019.03.29"]
[EventType "swiss"]
[EventCountry "RSA"]
[SourceTitle "playchess.com"]
[Source "ChessBase"]
[SourceQuality "1"]
[TimeControl "40/5400+30:1800+30"]

1. d4 Nf6 2. Nf3 d5 3. e3 e6 4. Bd3 c5 5. c3 Nbd7 6. Nbd2 g6 {[%emt 0:00:19] D05: Colle System with ...e6} (6... b6 7. Qe2 Bb7 8. O-O Be7 9. b3 O-O 10. Bb2 Rc8 11. Rac1 Bd6 12. c4 cxd4 13. exd4 Qe7 14. Ne5 Ba3 15. Bxa3 Qxa3 {½-½ (44) Kramnik,V (2777)-Ding,L (2813) Wijk aan Zee 2019}) 7. O-O Bg7 8. Ne5 Nxe5 9. dxe5 Nd7 10. f4 O-O 11. e4 $146 ({Predecessor:} 11. Qe1 d4 12. cxd4 cxd4 13. exd4 Nxe5 14. dxe5 {0-1 (45) Bauer,S (1500)-Koerlin,H (1693) Berlin 2015}) 11... Nb6 12. exd5 exd5 13. Nf3 Qc7 14. f5 gxf5 15. Bf4 f6 16. Re1 Qf7 17. exf6 Bxf6 18. Bd6 Re8 19. Rxe8+ Qxe8 20. Bxc5 Na4 21. Ba3 Qe3+ 22. Kh1 Bd7 23. Qc2 Qf4 24. Rf1 Re8 25. Nd4 Qh4 26. g3 Qh5 27. Qg2 Nb6 28. Bc5 Kh8 29. Bxb6 axb6 30. Qf3 Qg5 31. Bxf5 Bxf5 32. Qxf5 Qxf5 33. Rxf5 Bxd4 34. cxd4 Re2 35. Rxd5 Rxb2 36. Rd8+ Kg7 37. Rd7+ Kg6 38. Rxb7 Rxa2 39. Rxb6+ Kg5 40. d5 Rd2 41. d6 Kg4 42. Rb7 h6 43. Rb4+ (43. d7 $18) 43... Kg5 44. Rb6 Kg4 45. d7 h5 46. Rb4+ Kf5 47. Rb7 $11 Kg4 48. Kg1 Kf3 49. Rb3+ Kg4 50. Rb4+ Kf5 51. Rb7 Kg4 52. Kf1 Kh3 53. Ke1 Rd6 54. Kf2 Kxh2 55. Kf3 Kh3 56. Ke4 Rd1 57. Kf4 Rd2 58. Ke3 Rd6 59. Kf4 Rd2 60. Kg5 Rd5+ 61. Kg6 Kxg3 62. Rb3+ Kg4 63. Rb4+ Kg3 64. Rb3+ Kg4 65. Rb7 h4 66. Kf6 h3 67. Ke6 Rxd7 68. Rxd7 h2 69. Rd1 Kg3 70. Kf5 Kg2 71. Rd2+ Kg1 72. Rd1+ Kg2 73. Rd2+ Kg1 74. Kg4 h1=Q 75. Rd1+ Kh2 1/2-1/2

[Event "Boardwalk Pearson Invitational 2019"]
[Site "Port Elizabeth"]
[Date "2019.03.29"]
[Round "2.4"]
[White "Hercules, Benjamin Vincent"]
[Black "Klaver, Cornelis"]
[Result "1-0"]
[ECO "A84"]
[WhiteElo "2194"]
[BlackElo "2072"]
[Annotator "NA"]
[PlyCount "71"]
[EventDate "2019.03.29"]
[EventType "swiss"]
[EventCountry "RSA"]
[SourceTitle "playchess.com"]
[Source "ChessBase"]
[SourceQuality "1"]
[TimeControl "40/5400+30:1800+30"]

1. d4 g6 2. c4 f5 3. h4 Nf6 4. h5 Bg7 5. h6 Bf8 6. Nc3 Nc6 7. Nf3 d5 8. Bf4 e6 9. c5 a6 10. e3 Be7 11. Be2 Ne4 12. Nxe4 fxe4 13. Ne5 Nxe5 14. Bxe5 Bf6 15. Bg3 O-O 16. f3 exf3 17. gxf3 Bd7 18. f4 b6 19. Rc1 bxc5 20. Rxc5 Be7 21. Rc2 Bb4+ 22. Kf2 Bd6 23. Kg1 g5 24. Bd3 Kh8 25. Rg2 gxf4 26. Bh4 Be7 27. Rg7 Bxh4 28. Rxh7+ Kg8 29. Qg4+ Bg5 30. Rh5 Rf5 31. Bxf5 exf5 32. Rxg5+ Kxh7 33. Rg7+ Kh8 34. Qg6 Qg8 35. Qf6 Qe6 36. Rh7+ 1-0

[Event "Boardwalk Pearson Invitational 2019"]
[Site "Port Elizabeth"]
[Date "2019.03.30"]
[Round "3.1"]
[White "Bezuidenhout, Roland"]
[Black "Khumalo, Keith"]
[Result "1-0"]
[ECO "A24"]
[WhiteElo "2171"]
[BlackElo "2015"]
[Annotator "NA"]
[PlyCount "120"]
[EventDate "2019.03.29"]
[EventType "swiss"]
[EventCountry "RSA"]
[SourceTitle "playchess.com"]
[Source "ChessBase"]
[SourceQuality "1"]
[TimeControl "40/5400+30:1800+30"]

1. Nf3 Nf6 2. c4 g6 3. g3 Bg7 4. Bg2 O-O 5. Nc3 d6 6. O-O {[%emt 0:00:00] LiveBook: 3904 Games} e5 7. d3 Qe7 {[%emt 0:03:33] A24: English Opening vs King's Indian: Lines without ...Nc6} (7... Re8 8. Rb1 a5 9. Nd2 Nbd7 10. a3 h5 11. b4 axb4 12. axb4 h4 13. Nde4 Nh7 14. Bb2 f5 15. Nd2 Ndf6 16. b5 hxg3 17. hxg3 {½-½ (37) Alekseev,E (2639)-Grischuk,A (2771) St Petersburg 2018}) 8. Nd2 c6 9. Rb1 Rd8 $146 ({Predecessor:} 9... Be6 10. b4 d5 11. b5 Rd8 12. Qa4 Bf8 13. bxc6 bxc6 14. cxd5 cxd5 15. Nb5 Qd7 16. Ba3 Nc6 17. Bxf8 Rxf8 18. Qa6 Rab8 19. Rfc1 Rfc8 20. Kf1 {½-½ (20) Harnett,R (2018)-Payne,M (1952) Brighton 2012}) 10. b4 d5 11. cxd5 (11. b5 $14) 11... cxd5 12. b5 Be6 13. Nb3 Nbd7 14. d4 Rac8 15. Bb2 e4 16. e3 Bf5 17. Na4 Qb4 (17... b6 $17 18. Nd2 Qb4) 18. Nbc5 $1 Nxc5 19. dxc5 Qc4 20. h3 Bd7 21. Bd4 Bxb5 22. Nc3 Bc6 23. Re1 Qa6 24. Qd2 Be8 25. Bf1 Qc6 26. Nb5 Ra8 $2 (26... Qe6 $14) 27. Nd6 Nd7 28. Bxg7 Kxg7 29. Qd4+ ({Stronger than} 29. Nxb7 Rdb8 $11) 29... Kg8 30. Rec1 ({And not} 30. Nxb7 Rdb8 $11) 30... Rab8 31. Bb5 Qc7 32. Qxd5 Nf6 33. Qe5 Bxb5 34. Qxf6 Bc6 35. Rb4 Rd7 36. Nxe4 Re7 37. Nd6 Re6 38. Qg5 Qa5 (38... b6 $142) 39. Qf4 Rf8 40. Nxb7 Qxa2 41. Nd6 Kg7 {[%emt 0:00:03] [#]} 42. Qd4+ $1 Rf6 43. Qb2 (43. e4 $142) 43... Qxb2 44. Rxb2 Rd8 (44... Re6 {was worth a try.} 45. Ra2 Ra8) 45. Ra2 Bd7 (45... Rb8 {is a better defense.} 46. Rf1 Ra8) 46. h4 Ra8 47. Rca1 Bc6 48. Rxa7 Rb8 49. Rc7 Rb2 (49... Bd5 $142 50. e4 Rxd6) 50. Rf1 ({And not} 50. Rxc6 Rfxf2 51. Rc1 Rg2+ {[%mdl 64] Double Attack} 52. Kf1 Rgf2+ 53. Kg1 Rfe2 $11) 50... Ba4 51. g4 $18 h5 52. g5 Rf3 53. Kg2 Bd1 54. Nxf7 Rxf7 55. Rxf7+ Kxf7 56. Rxd1 Rc2 57. Rd7+ Ke6 58. Rg7 Kf5 59. Rf7+ Ke5 60. Rf6 Kd5 1-0

[Event "Boardwalk Pearson Invitational 2019"]
[Site "Port Elizabeth"]
[Date "2019.03.30"]
[Round "3.2"]
[White "Oatlhotse, Providence"]
[Black "Kromhout, Ewan"]
[Result "1-0"]
[ECO "A13"]
[WhiteElo "2320"]
[BlackElo "2007"]
[Annotator "NA"]
[PlyCount "155"]
[EventDate "2019.03.29"]
[EventType "swiss"]
[EventCountry "RSA"]
[SourceTitle "playchess.com"]
[Source "ChessBase"]
[SourceQuality "1"]
[TimeControl "40/5400+30:1800+30"]

1. c4 e6 2. Nf3 d5 3. g3 Nf6 4. Bg2 d4 5. O-O Nc6 (5... c5 6. d3 Nc6 7. e3 Bd6 8. exd4 cxd4 9. Bg5 h6 10. Bxf6 Qxf6 11. Nbd2 Qd8 12. a3 a5 13. Rc1 O-O 14. Re1 Re8 {1-0 (58) Sjugirov,S (2663)-Korobov,A (2698) St Petersburg 2018}) 6. e3 {[%emt 0:01:04] A13: English Opening: 1...e6} e5 7. exd4 exd4 8. a3 a5 9. d3 Be7 10. Bg5 O-O 11. Re1 h6 12. Bxf6 Bxf6 13. Nbd2 {[%emt 0:00:07] [#]} Re8 $146 ({Predecessor:} 13... a4 14. Re2 {0-1 (42) Akesson,R (2450)-Santos Latasa,J (2536) Stockholm 2017}) 14. Ne4 Be7 15. Rc1 f5 16. Ned2 Bf6 17. Qa4 Bd7 18. c5 Ne5 19. Qc2 Nxf3+ 20. Bxf3 Bc6 21. Qc4+ Kh7 22. Bxc6 bxc6 23. Re6 Qd5 24. Qxd5 cxd5 25. Rce1 Rxe6 26. Rxe6 a4 27. Nf3 Rb8 28. Ra6 Rxb2 29. Rxa4 Rb1+ 30. Kg2 Rd1 31. Nxd4 Rxd3 32. Ne6 Rc3 33. Ra7 c6 34. Ra6 d4 35. a4 Rc4 36. Rxc6 Rxa4 37. Rd6 Rc4 38. Rd7 h5 39. h4 Kh6 40. Rd5 Kg6 41. Nf4+ Kf7 42. Rxf5 g6 43. Rd5 Be7 44. Nd3 Rc3 45. Rxd4 Bxc5 46. Rd5 Be7 47. Ne5+ Kf6 48. Ra5 Rc2 49. Nd3 Rd2 50. Ra6+ Kf5 51. Ra5+ Kf6 52. Nf4 Bd6 53. Nh3 Be5 54. Ra6+ Rd6 55. Ra2 Rb6 56. Ng5 Rb2 57. Ra6+ Kf5 $2 (57... Kg7 $16 {is a better defense.}) 58. Ra5 Kf6 59. Ne4+ Kf5 60. Nd6+ Ke6 61. Rxe5+ Kxd6 62. Rg5 Rb8 63. Rxg6+ Ke7 64. Rg5 Rh8 65. Kf3 Kf6 66. Kf4 Rh7 67. Ra5 Rh8 68. Ra6+ Kg7 69. Kg5 Rf8 70. f4 (70. Ra7+ $142 Kh8 71. f4 Kg8 72. Kxh5 Re8 73. Kg5 Kh8 74. f5 Rd8 75. g4 Rg8+ 76. Kh6) 70... Kh7 71. Ra7+ Kh8 72. Kxh5 Rg8 73. g4 Rf8 74. f5 Rb8 75. g5 Kg8 76. f6 Kh8 77. Kh6 Kg8 78. g6 1-0

[Event "Boardwalk Pearson Invitational 2019"]
[Site "Port Elizabeth"]
[Date "2019.03.30"]
[Round "3.3"]
[White "Odendaal, Frederick"]
[Black "Hercules, Benjamin Vincent"]
[Result "0-1"]
[ECO "B62"]
[WhiteElo "1992"]
[BlackElo "2194"]
[Annotator "NA"]
[PlyCount "60"]
[EventDate "2019.03.29"]
[EventType "swiss"]
[EventCountry "RSA"]
[SourceTitle "playchess.com"]
[Source "ChessBase"]
[SourceQuality "1"]
[TimeControl "40/5400+30:1800+30"]

1. e4 c5 2. Nf3 Nc6 3. d4 cxd4 4. Nxd4 Nf6 5. Nc3 d6 6. Bg5 e6 7. Nxc6 bxc6 8. Qf3 {[%emt 0:01:52] B62: Sicilian: Richter-Rauzer: 6...e6: Unusual White 7th moves} (8. e5 dxe5 9. Qf3 Be7 10. Bxf6 Bxf6 11. Qxc6+ Bd7 12. Qd6 Qb8 13. O-O-O Qxd6 14. Rxd6 Rb8 15. Ne4 Be7 16. Ra6 f5 {0-1 (41) Potapov,P (2479)-Ponkratov,P (2613) Khanty-Mansiysk 2017}) 8... e5 9. Bc4 h6 $146 ({Predecessor:} 9... Be7 10. h3 Rb8 11. O-O O-O 12. Bb3 Nd7 13. Be3 Nb6 14. Rfd1 Be6 15. Rd2 Qd7 {1-0 (34) February,J (1862)-Hercules,B (2174) Boksburg 2018}) 10. Bh4 Rb8 11. O-O (11. Qd3 $14) 11... Be7 ({But not} 11... Rxb2 $6 12. Bxf6 Qxf6 13. Qxf6 $16) 12. Bb3 g5 13. Bg3 Qb6 14. Kh1 Ba6 15. Rfe1 g4 16. Qd1 h5 17. Bh4 Nh7 18. Bxe7 Kxe7 19. Qd2 Rbg8 ({Black should try} 19... Qd4 $15 20. Qxd4 exd4) 20. Nd1 Bc8 21. Ne3 Ng5 $1 22. Qd3 h4 23. f4 gxf3 ({Stronger than} 23... exf4 24. Nf5+ Bxf5 25. exf5+ Kd7 26. f6 $11) 24. gxf3 Nh3 25. Qd2 Rg6 26. f4 $2 (26. c3) 26... exf4 27. Nf5+ Kf8 28. Rf1 Rhg8 29. Nd4 Rg2 30. Qd3 {[%emt 0:02:17] [#]} Rg1+ 0-1

[Event "Boardwalk Pearson Invitational 2019"]
[Site "Port Elizabeth"]
[Date "2019.03.30"]
[Round "3.4"]
[White "Klaver, Cornelis"]
[Black "Beukes, Dante M"]
[Result "1/2-1/2"]
[ECO "E71"]
[WhiteElo "2072"]
[BlackElo "2114"]
[Annotator "NA"]
[PlyCount "77"]
[EventDate "2019.03.29"]
[EventType "swiss"]
[EventCountry "RSA"]
[SourceTitle "playchess.com"]
[Source "ChessBase"]
[SourceQuality "1"]
[TimeControl "40/5400+30:1800+30"]

1. d4 Nf6 2. c4 g6 3. Nc3 Bg7 4. e4 d6 5. h3 O-O 6. Bd3 Nc6 7. Nge2 e5 {[%emt 0:02:37] E71: King's Indian: 4 e4 d6 5 h3} 8. d5 Nd4 9. Bg5 (9. Be3 Nh5 10. Qd2 c5 11. Bh6 f5 12. Bxg7 Kxg7 13. exf5 gxf5 14. O-O-O Kh8 15. Qh6 {1-0 (38) Rabrenovic,V (2343)-Radovanovic,M (2422) Zrenjanin 2018}) 9... h6 10. Be3 Nd7 11. Bb1 Nxe2 12. Qxe2 a5 $146 ({Predecessor:} 12... b6 13. O-O Bb7 14. Bc2 Nc5 15. b4 {1-0 (52) Yeves Miquel,E (1742)-Arellano Guerrero,M Madrid 2014}) 13. g4 Qe7 14. Qd2 Kh7 15. Bc2 Nc5 16. O-O-O Bd7 17. f3 Rfd8 18. h4 a4 19. h5 g5 20. Bxc5 dxc5 21. d6 Qxd6 22. Qxd6 cxd6 23. Rxd6 Bf8 24. Rd2 Be6 25. Rxd8 Rxd8 26. Nd5 Bxd5 27. exd5+ Kg7 28. Bxa4 Rd6 29. Bc2 Ra6 30. a3 Bd6 31. Kd2 Kf6 32. Be4 Ra5 33. Kc2 Ra7 34. Rd1 Ra4 35. Kd3 Ra6 36. Rc1 Rb6 37. Kc3 Ke7 38. Bf5 $14 (38. Rb1 $16) 38... e4 39. b3 1/2-1/2

[Event "Boardwalk Pearson Invitational 2019"]
[Site "Port Elizabeth"]
[Date "2019.03.30"]
[Round "4.1"]
[White "Bezuidenhout, Roland"]
[Black "Oatlhotse, Providence"]
[Result "1/2-1/2"]
[ECO "A35"]
[WhiteElo "2171"]
[BlackElo "2320"]
[Annotator "NA"]
[PlyCount "37"]
[EventDate "2019.03.29"]
[EventType "swiss"]
[EventCountry "RSA"]
[SourceTitle "playchess.com"]
[Source "ChessBase"]
[SourceQuality "1"]
[TimeControl "40/5400+30:1800+30"]

1. Nf3 c5 2. c4 Nc6 3. Nc3 g6 4. e3 Bg7 5. d4 Nf6 6. d5 Na5 7. e4 O-O {[%emt 0:01:52] A35: Symmetrical English: 2 Nc3 Nc6 3 Nf3} 8. h3 d6 9. Bd3 {[%emt 0:00:14] LiveBook: 58 Games} e5 10. Bg5 h6 11. Be3 a6 12. Qd2 $146 ({Predecessor:} 12. a3 b6 13. b4 Nb7 14. Rb1 Nd7 15. Qd2 {0-1 (35) Mchedlishvili,M (2566)-Kotsur,P (2540) Sharjah 2003}) 12... Kh7 $16 13. g4 Ng8 14. Qe2 b5 15. cxb5 axb5 16. Nxb5 Nb3 17. Rb1 Nd4 {[%emt 0:18:21] [#]} 18. Nfxd4 $1 exd4 19. Bf4 1/2-1/2

[Event "Boardwalk Pearson Invitational 2019"]
[Site "Port Elizabeth"]
[Date "2019.03.30"]
[Round "4.2"]
[White "Hercules, Benjamin Vincent"]
[Black "Beukes, Dante M"]
[Result "1-0"]
[ECO "E75"]
[WhiteElo "2194"]
[BlackElo "2114"]
[Annotator "NA"]
[PlyCount "75"]
[EventDate "2019.03.29"]
[EventType "swiss"]
[EventCountry "RSA"]
[SourceTitle "playchess.com"]
[Source "ChessBase"]
[SourceQuality "1"]
[TimeControl "40/5400+30:1800+30"]

1. d4 Nf6 2. c4 g6 3. Nc3 Bg7 4. e4 d6 5. Be2 O-O 6. Bg5 c5 7. d5 e6 8. Nf3 exd5 9. exd5 Qb6 10. Qd2 Bf5 {[%emt 0:00:13] LiveBook: 54 Games} 11. O-O {[%emt 0:00:37] E75: King's Indian: Averbakh Variation: 6...c5 7 d5 e6} (11. Nh4 Ne4 12. Nxe4 Bxe4 13. f3 h6 14. Bxh6 Bxh6 15. Qxh6 Qxb2 16. O-O Bc2 17. Rac1 Nd7 18. Rf2 Ba4 19. Bd1 Qa3 20. Bxa4 Qxa4 21. f4 Nf6 22. Nf5 {1-0 (22) Kravtsiv,M (2657)-Amin,B (2672) Martuni 2017}) 11... Ne4 12. Nxe4 Bxe4 13. Rae1 Qxb2 14. Be7 Re8 15. Bxd6 Nd7 16. Qxb2 $146 ({Predecessor:} 16. Bf4 Qa3 17. Ng5 Bc3 18. Qc1 Qxc1 19. Rxc1 {0-1 (73) Zimina,O (2390)-Wieczorek,O (2453) Konya 2017}) 16... Bxb2 17. Bf4 Bc2 18. Be3 a6 19. Bd1 Bd3 20. Be2 Bxe2 21. Rxe2 Bd4 22. Rb1 b6 23. Kf1 Bxe3 24. Rxe3 Kf8 25. Ke2 Rab8 26. a4 Rb7 27. Kd3 Reb8 {[%emt 0:00:00] [#]} (27... Rxe3+ $14 28. Kxe3 (28. fxe3 Ke7 $11) 28... Ke7) 28. Ne5 $1 Nf6 29. Nc6 Rc8 30. Na5 Rbb8 31. Nc6 Rb7 32. Re5 Ng4 33. Re2 Nf6 34. Reb2 Nd7 35. a5 Ra8 36. f4 $18 Kg7 37. axb6 a5 38. Ne5 1-0

[Event "Boardwalk Pearson Invitational 2019"]
[Site "Port Elizabeth"]
[Date "2019.03.30"]
[Round "4.3"]
[White "Kromhout, Ewan"]
[Black "Khumalo, Keith"]
[Result "0-1"]
[ECO "D02"]
[WhiteElo "2007"]
[BlackElo "2015"]
[Annotator "NA"]
[PlyCount "92"]
[EventDate "2019.03.29"]
[EventType "swiss"]
[EventCountry "RSA"]
[SourceTitle "playchess.com"]
[Source "ChessBase"]
[SourceQuality "1"]
[TimeControl "40/5400+30:1800+30"]

1. d4 Nf6 2. Nf3 g6 3. Nbd2 d5 4. e3 Bg7 5. b4 a5 {[%emt 0:01:36] D02: 1 d4 d5 2 Nf3 sidelines, including 2...Nf6 3 g3 and 2...Nf6 3 Bf4} (5... O-O 6. Bb2 c6 7. c4 Nbd7 8. a4 Ne4 9. cxd5 Nxd2 10. Qxd2 cxd5 11. Bd3 Nf6 12. O-O Ne4 13. Qe2 Nd6 14. Rfc1 Bf5 15. Bxf5 gxf5 {1-0 (47) Sargissian,G (2689)-Kovalev,V (2683) St Petersburg 2018}) 6. b5 O-O 7. Be2 c5 {[%emt 0:01:25] LiveBook: 7 Games} 8. bxc6 Nxc6 9. Rb1 Qc7 10. c4 $146 ({Predecessor:} 10. a3 Bf5 11. Bb2 Ne4 12. Nxe4 Bxe4 13. O-O {1-0 (73) Schleining,Z (2379)-Manakova,M (2324) Warsaw 2013}) 10... Bf5 11. Rb2 Nb4 12. O-O Ne4 13. Nxe4 dxe4 14. Nd2 g5 15. a3 Na6 16. Rb5 e5 17. f3 Bd7 18. Nxe4 Bxb5 19. cxb5 Nb8 20. Nxg5 h6 21. Ne4 exd4 22. exd4 Rd8 23. d5 f5 $2 {[%emt 0:00:00] [#]} (23... Qe5 $14) 24. Ng3 $1 Qc5+ 25. Kh1 Rxd5 26. Qb3 a4 27. Qa2 Kh8 28. Bc4 Rd8 29. Bb2 Nd7 {[%emt 0:00:00] [#]} 30. Bxg7+ $1 Kxg7 31. Be6 ({White should play} 31. Re1 $18) 31... Qxb5 $2 ({Black should try} 31... f4 $14 32. Nf5+ Kf6) 32. Rb1 ({Less strong is} 32. Bxf5 Nf6 $14) ({Don't take} 32. Nxf5+ $6 Kh7 $18) 32... Qe5 33. Bxf5 Nc5 34. Be4 Rd7 35. Qc2 ({White should try} 35. Bf5 $11 Re7 36. Qc2) 35... Rad8 36. Nf5+ $2 (36. f4 $1 $11 Qc7 37. Nh5+ Kf8 38. h3) 36... Kf8 37. Re1 $2 {[%emt 0:00:55] [#]} (37. Nh4 $17 Kg7 38. Rf1) 37... Rd2 $1 38. Qc1 $2 (38. Qb1 {was forced.} Qb2 39. Rg1) 38... b6 39. Ng3 Qb2 40. Qc4 R8d4 41. Qf1 Rf2 42. Qg1 Rdd2 43. f4 Nxe4 44. Nxe4 Rxg2 45. Qe3 Rxh2+ $19 46. Kg1 Rdg2+ 0-1

[Event "Boardwalk Pearson Invitational 2019"]
[Site "Port Elizabeth"]
[Date "2019.03.30"]
[Round "4.4"]
[White "Klaver, Cornelis"]
[Black "Odendaal, Frederick"]
[Result "1/2-1/2"]
[ECO "A45"]
[WhiteElo "2072"]
[BlackElo "1992"]
[Annotator "NA"]
[PlyCount "21"]
[EventDate "2019.03.29"]
[EventType "swiss"]
[EventCountry "RSA"]
[SourceTitle "playchess.com"]
[Source "ChessBase"]
[SourceQuality "1"]
[TimeControl "40/5400+30:1800+30"]

1. d4 Nf6 2. Bg5 e6 3. e4 Be7 4. Bd3 d5 5. e5 Nfd7 6. Bxe7 Qxe7 7. c3 c5 8. Ne2 cxd4 9. cxd4 Qb4+ 10. Qd2 Qxd2+ 11. Nxd2 1/2-1/2

[Event "Boardwalk Pearson Invitational 2019"]
[Site "Port Elizabeth"]
[Date "2019.03.31"]
[Round "5.1"]
[White "Oatlhotse, Providence"]
[Black "Hercules, Benjamin Vincent"]
[Result "1-0"]
[ECO "A14"]
[WhiteElo "2320"]
[BlackElo "2194"]
[Annotator "NA"]
[PlyCount "47"]
[EventDate "2019.03.29"]
[EventType "swiss"]
[EventCountry "RSA"]
[SourceTitle "playchess.com"]
[Source "ChessBase"]
[SourceQuality "1"]
[TimeControl "40/5400+30:1800+30"]

1. c4 e6 2. g3 d5 3. Bg2 Nf6 4. Nf3 Be7 5. O-O O-O 6. b3 b6 7. Bb2 Bb7 {[%emt 0:03:36] LiveBook: 1762 Games} 8. e3 c5 9. Qe2 Nc6 10. Rd1 Rc8 11. d3 Rc7 {[%emt 0:01:36] A14: English Opening: 1...e6 with b3 by White} 12. Nc3 Rd7 13. cxd5 Nxd5 14. Nxd5 Rxd5 15. d4 Qa8 16. e4 $146 ({Predecessor:} 16. dxc5 Rxd1+ 17. Rxd1 Bxc5 18. Ng5 Be7 19. Qh5 Bxg5 20. Qxg5 {0-1 (61) Gruber,T (2240)-Bunzmann,D (2390) Schwaebisch Gmuend 1998}) 16... Rdd8 17. d5 Nb8 18. dxe6 Bxe4 19. exf7+ Rxf7 20. Rxd8+ Bxd8 21. Ng5 Bxg5 22. Bxe4 Nc6 23. Qh5 Bf6 24. Qxh7+ $18 1-0

[Event "Boardwalk Pearson Invitational 2019"]
[Site "Port Elizabeth"]
[Date "2019.03.31"]
[Round "5.2"]
[White "Odendaal, Frederick"]
[Black "Bezuidenhout, Roland"]
[Result "0-1"]
[ECO "E01"]
[WhiteElo "1992"]
[BlackElo "2171"]
[Annotator "NA"]
[PlyCount "90"]
[EventDate "2019.03.29"]
[EventType "swiss"]
[EventCountry "RSA"]
[SourceTitle "playchess.com"]
[Source "ChessBase"]
[SourceQuality "1"]
[TimeControl "40/5400+30:1800+30"]

1. d4 Nf6 2. c4 e6 3. Nf3 d5 4. g3 dxc4 5. Qa4+ Nbd7 6. Qxc4 a6 7. Bf4 Nd5 8. Bg5 N7f6 9. e4 h6 10. Bxf6 Nxf6 11. Nbd2 b5 12. Qc6+ Bd7 13. Qc2 Rc8 14. Nb3 Bb4+ 15. Nfd2 Qe7 16. Rc1 e5 17. dxe5 Qxe5 18. Bg2 c5 19. a3 Bxd2+ 20. Nxd2 O-O 21. O-O Rfe8 22. Rfe1 Qh5 23. Nf1 c4 24. Ne3 Ng4 25. Nxg4 Bxg4 26. Qc3 Rcd8 27. f3 Be6 28. Rcd1 Qc5+ 29. Kf1 a5 30. b4 axb4 31. axb4 Qa7 32. Ra1 Qd4 33. Qxd4 Rxd4 34. Red1 Rxd1+ 35. Rxd1 Ra8 36. Ke2 Ra4 37. Ke3 Rxb4 38. Rd8+ Kh7 39. f4 Rb3+ 40. Kf2 c3 41. Rd1 Rb2+ 42. Kf3 b4 43. f5 Bb3 44. Rd7 c2 45. Rc7 Rb1 0-1

[Event "Boardwalk Pearson Invitational 2019"]
[Site "Port Elizabeth"]
[Date "2019.03.31"]
[Round "5.3"]
[White "Khumalo, Keith"]
[Black "Klaver, Cornelis"]
[Result "1/2-1/2"]
[ECO "A52"]
[WhiteElo "2015"]
[BlackElo "2072"]
[Annotator "NA"]
[PlyCount "45"]
[EventDate "2019.03.29"]
[EventType "swiss"]
[EventCountry "RSA"]
[SourceTitle "playchess.com"]
[Source "ChessBase"]
[SourceQuality "1"]
[TimeControl "40/5400+30:1800+30"]

1. d4 Nf6 2. c4 e5 3. dxe5 Ng4 4. Nf3 Nc6 5. e3 Ngxe5 6. Be2 Bc5 7. O-O O-O 8. Nc3 a5 9. Nd4 d6 10. f4 Ng6 11. Kh1 f5 12. Rf3 Nce7 13. Rh3 Bxd4 14. Qxd4 Be6 15. b3 c5 16. Qd2 d5 17. cxd5 Nxd5 18. Bc4 Nxc3 19. Bxe6+ Kh8 20. Qe1 Ra6 21. Bb2 Rxe6 22. Qxc3 Qe7 23. Rd1 1/2-1/2

[Event "Boardwalk Pearson Invitational 2019"]
[Site "Port Elizabeth"]
[Date "2019.03.31"]
[Round "5.4"]
[White "Beukes, Dante M"]
[Black "Kromhout, Ewan"]
[Result "1-0"]
[ECO "B00"]
[WhiteElo "2114"]
[BlackElo "2007"]
[Annotator "NA"]
[PlyCount "99"]
[EventDate "2019.03.29"]
[EventType "swiss"]
[EventCountry "RSA"]
[SourceTitle "playchess.com"]
[Source "ChessBase"]
[SourceQuality "1"]
[TimeControl "40/5400+30:1800+30"]

1. e4 c5 2. Nf3 e6 3. c3 b6 4. d4 Bb7 5. Bd3 Nf6 6. Qe2 d5 7. e5 Nfd7 8. O-O Nc6 9. Re1 $11 Be7 10. Nbd2 a5 11. Nf1 Qc8 12. Bc2 Ba6 13. Qd1 h6 14. h4 Qc7 15. Be3 Rc8 16. Rc1 b5 17. Ng3 Qb6 18. Nh5 Bf8 19. Nf4 Nd8 20. dxc5 Bxc5 21. Bxc5 Qxc5 22. Nd4 Nf8 23. Qg4 g6 24. Re3 h5 25. Qh3 Qe7 26. Bd3 Qb7 27. Qf3 b4 28. Bc2 Qd7 29. Qd1 Qe7 30. Ba4+ Nd7 31. Nf3 Kf8 32. Ng5 Nc5 33. Bc2 bxc3 34. bxc3 Kg7 35. Rg3 Ne4 36. Bxe4 dxe4 37. Nxf7 Qxf7 38. Rxg6+ Qxg6 39. Nxg6 Kxg6 40. Qd6 Bc4 41. Re1 Nc6 42. Qd2 Kf7 43. Qd7+ Ne7 44. Rxe4 Rhe8 45. Rf4+ Kg7 46. Rxc4 Rcd8 47. Qxe6 Nd5 48. Qf5 Re7 49. Rc6 Red7 50. Qxd7+ 1-0